 Dungeon Crawl Stone Soup version 0.30-a0-949-g53dc5368d7 (webtiles) character file.

Game seed: 15048344417018395337

9837 GloriousHammer the Basher (level 11, 0/50 HPs)
             Began as a Vine Stalker Brigand on Mar 26, 2023.
             Was an Elder of Wu Jian.
             Slain by a troll (8 damage)
             ... on level 1 of the Orcish Mines on Mar 27, 2023.
             The game lasted 00:34:46 (12307 turns).

GloriousHammer the Basher (Vine Stalker Brigand)   Turns: 12307, Time: 00:34:46

Health: 0/50       AC: 14    Str: 19    XL:     11   Next: 52%
Magic:  0/12       EV: 13    Int: 11    God:    Wu Jian [****..]
Gold:   354        SH:  0    Dex: 15    Spells: 10/10 levels left

rFire   . . .      SeeInvis .    v - +0 whip
rCold   . . .      Faith    .    (no shield)
rNeg    . . .      Spirit   +    J - +3 ring mail {rPois}
rPois   +          Reflect  .    t - +0 helmet
rElec   .          Rampage  .    o - +0 cloak
rCorr   .                        g - +0 pair of gloves
Will    +....                    X - +0 pair of boots
Stlth   +++                      m - amulet of regeneration
HPRegen 1.88/turn                (no ring)
MPRegen 0.13/turn                (no ring)

@: about to teleport
A: fangs 3, regeneration 1, magic shield, antimagic bite, no potion heal 2
a: Renounce Religion, Wall Jump, Serpent's Lash


You were on level 1 of the Orcish Mines.
You worshipped Wu Jian.
Wu Jian was greatly pleased with you.
You visited 3 branches of the dungeon, and saw 13 of its levels.
You also visited: Sewer.

You collected 529 gold pieces.
You spent 175 gold pieces at shops.

Inventory:

Hand Weapons
 a - a +2 dagger
 j - a +1 dagger of venom
 v - a +0 whip (weapon)
 P - a +2 dagger of speed
 Z - a +0 morningstar
Missiles
 d - 67 poisoned darts
 e - 3 curare-tipped darts
 f - 77 stones
 z - 2 javelins (quivered)
 T - a throwing net
 U - 5 boomerangs
Armour
 b - a +0 robe
 g - a +0 pair of gloves (worn)
 o - a +0 cloak (worn)
 t - a +0 helmet (worn)
 J - a +3 ring mail of poison resistance (worn)
 X - a +0 pair of boots (worn)
Jewellery
 m - an amulet of regeneration (around neck)
 R - an amulet of faith
 V - a +6 ring of intelligence
Wands
 w - a wand of charming (6)
 E - a wand of roots (8)
 G - a wand of flame (7)
 H - a wand of polymorph (5)
 K - a wand of mindburst (15)
Scrolls
 h - 2 scrolls of immolation {unknown}
 i - 2 scrolls of silence {unknown}
 l - 4 scrolls of noise {unknown}
 n - 2 scrolls of magic mapping
 q - 2 scrolls of teleportation
 r - a scroll of fog {unknown}
 s - a scroll of acquirement {unknown}
 u - 4 scrolls of poison
 y - 2 scrolls of amnesia {unknown}
 Q - 5 scrolls of blinking {unknown}
 S - a scroll of brand weapon {unknown}
 W - a scroll of enchant armour {unknown}
 Y - a scroll of vulnerability {unknown}
Potions
 c - 3 potions of attraction {unknown}
 k - 5 potions of degeneration
 p - 6 potions of curing
 x - 4 potions of haste {unknown}
 A - 4 potions of cancellation {unknown}
 B - a potion of resistance {unknown}
 F - 2 potions of flight {unknown}
 I - 2 potions of lignification {unknown}
 L - 2 potions of heal wounds {unknown}
 M - a potion of magic {unknown}
 N - a potion of mutation {unknown}
 O - a potion of brilliance {unknown}


   Skills:
 + Level 1.9 Fighting
 - Level 1.7 Short Blades
 + Level 10.8 Maces & Flails
 - Level 6.2 Throwing
 + Level 5.8 Armour
 - Level 5.9 Dodging
 - Level 7.0 Stealth
 + Level 4.0 Evocations


You had 10 spell levels left.
You didn't know any spells.
Your spell library contained the following spells:

 Spells                   Type           Power      Damage    Failure   Level
 Foxfire                  Conj/Fire      0%         2x1d4     50%         1
 Cigotuvi's Dreadful Rot  Necr/Pois/Air  0%         N/A       65%         2
 Summon Guardian Golem    Hex/Summ       0%         N/A       86%         3
 Dispel Undead            Necr           0%         3d6       99%         4
 Fireball                 Conj/Fire      0%         3d3       100%        5
 Death Channel            Necr           0%         N/A       100%        6
 Starburst                Conj/Fire      0%         6d3       100%        6
 Orb of Destruction       Conj           0%         9d5       100%        7
 Spellforged Servitor     Conj/Summ      0%         N/A       100%        7


Dungeon Overview and Level Annotations

Branches:
Dungeon (11/15)            Temple (1/1) D:5             Orc (1/2) D:9
  Sewer (visited)
   Lair: D:8-11

Altars:
Ashenzari
Cheibriados
Dithmenos
Elyvilon
Fedhas
Gozag
Hepliaklqana
Kikubaaqudgha
Makhleb
Nemelex Xobeh
Okawaru
Qazlal
Ru
Sif Muna
Trog
Uskayaw
Vehumet
Wu Jian
Xom
Yredelemnul
Zin
The Shining One

Shops:
D:2 (   D:4 ?   D:8 *

Portals:
Abyss: D:4

Annotations:
D:4 1 transporter, Zenkrye's ghost, amateur HuCA
Orc:1 Harold


Innate Abilities, Weirdness & Mutations

You have razor-sharp teeth.
Your natural rate of healing is unusually fast.
When hurt, damage is shared between your health and your magic reserves.
Your bite disrupts and absorbs the magic of your enemies.
Potions cannot restore your health.


Message History

Your butterfly dies!
Your butterfly disappears in a burst of colours!
The orc priest calls down the wrath of Beogh upon you.
Beogh smites you! The troll bites your butterfly!
Your butterfly dies!
Your butterfly disappears in a burst of colours!
The troll bites your butterfly!
Your butterfly dies!
Your butterfly disappears in a burst of colours!
The orc priest hits your butterfly with a +0 mace.
Your butterfly dies!
Your butterfly disappears in a burst of colours!
Something closely misses your butterfly.
Harold hits your butterfly with a +0 long sword!
Your butterfly dies!
Your butterfly disappears in a burst of colours!
The troll closely misses your butterfly.
The troll claws your butterfly!
Your butterfly dies!
Your butterfly disappears in a burst of colours!
The orc priest hits your butterfly with a +0 mace.
Your butterfly dies!
Your butterfly disappears in a burst of colours!
Something hits your butterfly!
Your butterfly dies!
Your butterfly disappears in a burst of colours!
Harold misses your butterfly.
The orc wizard hits you but does no damage.
Harold pauses a moment, imagining something with a smile on his face.
Harold hits your butterfly with a +0 long sword!
Your butterfly dies!
Your butterfly disappears in a burst of colours!
Something closely misses your butterfly.
Things that are here:
a +0 dagger; a +0 robe You hit the orc wizard.
Your bite misses the orc wizard.
The orc wizard is lightly wounded.
The troll closely misses your butterfly.
The troll misses your butterfly. The troll claws your butterfly!
Your butterfly dies!
Your butterfly disappears in a burst of colours!
The orc wizard misses you.
The orc priest hits your butterfly with a +0 mace.
Your butterfly dies!
Your butterfly disappears in a burst of colours!
Unknown command.
You hit the orc wizard.
The orc wizard is moderately wounded.
The orc priest misses your butterfly. The orc wizard misses you.
You closely miss the orc wizard.
You bite the orc wizard, but do no damage.
The orc wizard is moderately wounded.
You closely miss the orc wizard. Your bite misses the orc wizard.
The orc wizard is moderately wounded.
Something barely misses your butterfly. The orc wizard misses you.
The orc warrior barely misses your butterfly.
You hit the orc wizard.
The orc wizard is severely wounded.
Harold completely misses your butterfly.
The orc priest invokes the aid of Beogh against you.
Your butterfly barely resists.
You hit the orc wizard but do no damage.
You bite the orc wizard.
The orc wizard's magic leaks into the air.
You drain its magic.
You feel invigorated.
The orc wizard is almost dead.
Something completely misses your butterfly.
The orc wizard falters for a moment.
The orc priest invokes the aid of Beogh against you.
Beogh smites you!
You barely miss the orc priest. You bite the orc priest!
You kill the orc priest!
The Council accepts your kill.
The orc priest hits your butterfly with a +0 club.
Your butterfly dies!
Your butterfly disappears in a burst of colours!
You hit the orc wizard.
You kill the orc wizard!
The Council accepts your kill. Harold fires a harpoon shot at you.
The harpoon shot hits you.
You are yanked forward by the harpoon shot.
Something hits you but does no damage. The troll bites you but does no damage.
The troll claws you.
* * * LOW HITPOINT WARNING * * *
The troll barely misses you.
The orc warrior hits you but does no damage.
Okay, then.
As you read the scroll of teleportation, it crumbles to dust.
You feel strangely unstable. Harold hits you but does no damage.
The orc priest misses your butterfly. The troll bites you!
* * * LOW HITPOINT WARNING * * *
The troll claws you but does no damage. The troll barely misses you.
The orc warrior hits you but does no damage.
You hit something. Your bite misses something. Harold closely misses you.
The orc priest looks satisfied for a moment.
Something hits you but does no damage. The troll barely misses you.
The troll claws you but does no damage. The troll claws you!
You die...

### ##.## ##
#<..####.##.
###.###........
###.#)##....##...
##....T)#..##.#...
#.....o@..........
##.#..b@..........
##.....bo.....#....
.........).......b..
.##.#...bb))......##
####...b..)..$....
#................
..................
......>...o........


You could see Harold, a troll, an orc warrior and an orc priest (ally target).

Vanquished Creatures
  A centaur warrior (D:10)
  2 two-headed ogres (D:9)
  A deep elf pyromancer (D:8)
  A salamander (shapeshifter) (D:9)
  2 gargoyles
  2 trolls
  Grinder (D:5)
  A shadow (D:10)
  A wraith (D:10)
  5 yaks (D:9)
  4 wyverns
  An acid dragon (D:10)
  3 water moccasins
  Duvessa (D:5)
  2 sky beasts
  4 orc warriors
  A black bear (D:6)
  2 ogres
  A centaur (D:10)
  A phantom (D:6)
  4 kobold brigands
  2 bullfrogs (D:8)
  A gnoll sergeant (D:9)
  11 wights
  Dowan (D:5)
  10 killer bees
  2 hounds
  12 orc priests
  3 jellies
  3 sleepcaps
  2 iguanas
  Ijyb (D:5)
  9 orc wizards
  7 gnolls
  17 adders
  8 river rats (Sewer)
  A white imp (D:6)
  2 ufetubi
  A worm (D:2)
  2 dart slugs
  35 orcs
  8 bats
  7 endoplasms
  2 giant cockroaches
  7 goblins
  9 hobgoblins
  3 jackals (D:1)
  32 kobolds
  6 quokkas
  9 ball pythons
  6 frilled lizards
  22 rats
282 creatures vanquished.

Vanquished Creatures (collateral kills)
  A scorpion (D:5)
  2 killer bees (D:9)
  An orc priest (D:9)
  3 orcs (D:9)
7 creatures vanquished.

Vanquished Creatures (others)
  An orc wizard (Orc:1)
1 creature vanquished.

Grand Total: 290 creatures vanquished

Notes
Turn   | Place    | Note
-------+----------+-------------------------------------------
     0 | D:1      | GloriousHammer the Vine Stalker Brigand began the quest for
                  | the Orb.
     0 | D:1      | Reached XP level 1. HP: 11/11 MP: 2/2
    86 | D:1      | Reached skill level 5 in Stealth
   114 | D:1      | Reached XP level 2. HP: 15/15 MP: 3/3
   579 | D:1      | Reached XP level 3. HP: 18/18 MP: 4/4
  1104 | D:2      | Gained mutation: Your natural rate of healing is unusually
                  | fast. [Vine Stalker growth]
  1104 | D:2      | Reached XP level 4. HP: 23/23 MP: 5/5
  1513 | D:2      | Found Anoqekoy's Antique Weapon Boutique.
  2084 | D:3      | Upgraded the game from 0.30-a0-948-g4fa250aae5 to
                  | 0.30-a0-949-g53dc5368d7
  2311 | D:3      | Reached XP level 5. HP: 25/26 MP: 3/6
  2880 | D:4      | Found Tyttial's Magic Scroll Boutique.
  2896 | D:4      | Bought a scroll of identify for 20 gold pieces
  2896 | D:4      | Bought a scroll of magic mapping for 75 gold pieces
  3005 | D:4      | Reached XP level 6. HP: 30/30 MP: 5/7
  3083 | D:4      | Noticed a small abomination
  3319 | D:4      | Found a transporter.
  3336 | D:4      | Noticed a small abomination
  3405 | D:4      | Found a one-way gate to the infinite horrors of the Abyss.
  3405 | D:4      | Noticed Zenkrye's ghost (amateur HuCA)
  3461 | D:4      | Bought a scroll of fear for 40 gold pieces
  3461 | D:4      | Bought a scroll of butterflies for 40 gold pieces
  3475 | D:5      | Entered Level 5 of the Dungeon
  3518 | D:5      | Noticed Ijyb
  3628 | D:5      | Killed Ijyb
  3629 | D:5      | Reached skill level 5 in Throwing
  3707 | D:5      | Noticed a water moccasin
  3746 | D:5      | Killed a water moccasin
  3747 | D:5      | Reached XP level 7. HP: 34/34 MP: 5/8
  3803 | D:5      | Found a stormy altar of Qazlal.
  4062 | D:5      | Noticed Grinder
  4090 | D:5      | Killed Grinder
  4091 | D:5      | Reached skill level 2 in Maces & Flails
  4175 | D:5      | Noticed Duvessa
  4175 | D:5      | Noticed Dowan
  4203 | D:5      | Gained mutation: You have razor-sharp teeth. [Vine Stalker
                  | growth]
  4203 | D:5      | Reached XP level 8. HP: 33/38 MP: 6/9
  4219 | D:5      | Reached skill level 3 in Maces & Flails
  4222 | D:5      | Your ally Dowan died
  4224 | D:5      | Killed Duvessa
  4541 | D:5      | Found a bloodstained altar of Trog.
  4547 | D:5      | Found a glowing golden altar of the Shining One.
  4552 | D:5      | Found a hide-covered altar of Uskayaw.
  4633 | D:5      | Found a staircase to the Ecumenical Temple.
  4753 | Temple   | Entered the Ecumenical Temple
  4803 | Temple   | Became a worshipper of the Wu Jian Council
  4969 | D:6      | Found a glowing drain.
  4983 | Sewer    | Entered a sewer
  5134 | Sewer    | Reached skill level 4 in Maces & Flails
  5226 | Sewer    | Reached * piety under Wu Jian
  5617 | D:6      | Found a shimmering blue altar of Sif Muna.
  5634 | D:6      | Reached skill level 5 in Maces & Flails
  5697 | D:6      | Found a sparkling altar of Nemelex Xobeh.
  5794 | D:6      | Reached skill level 6 in Maces & Flails
  5794 | D:6      | Reached XP level 9. HP: 42/42 MP: 10/10
  6181 | D:7      | Identified the +1 scale mail of the Villain {Int+3 Dex-4
                  | SInv}
  6216 | D:7      | Reached skill level 7 in Maces & Flails
  6362 | D:7      | Reached ** piety under Wu Jian
  6966 | D:7      | Reached skill level 8 in Maces & Flails
  7386 | D:7      | Noticed a gargoyle
  7566 | D:8      | Noticed a deep elf pyromancer
  7570 | D:8      | Killed a deep elf pyromancer
  7571 | D:8      | Reached skill level 1 in Armour
  7571 | D:8      | Reached skill level 1 in Dodging
  7789 | D:7      | Reached skill level 9 in Maces & Flails
  7789 | D:7      | Reached XP level 10. HP: 45/46 MP: 11/11
  8147 | D:8      | Found a broken altar of Ashenzari.
  8403 | D:8      | Reached *** piety under Wu Jian
  8424 | D:8      | Found Zin's Purification Station.
  8426 | D:8      | Found a glowing silver altar of Zin.
  8767 | D:9      | Noticed a two-headed ogre
  8786 | D:9      | Noticed a cyclops
  8790 | D:9      | a cyclops changed into a fire crab
  8790 | D:9      | Noticed a fire crab (shapeshifter)
  8806 | D:9      | Killed a two-headed ogre
  8808 | D:9      | Noticed a salamander
  8828 | D:9      | Killed a salamander
  8997 | D:9      | Found an iron altar of Okawaru.
  9109 | D:9      | Found a blossoming altar of Fedhas.
  9281 | D:9      | Noticed a two-headed ogre
  9311 | D:9      | Killed a two-headed ogre
  9400 | D:9      | Reached skill level 10 in Maces & Flails
  9453 | D:9      | Reached **** piety under Wu Jian
  9454 | D:9      | Reached XP level 11. HP: 50/50 MP: 8/12
  9735 | D:9      | Found a staircase to the Orcish Mines.
  9769 | D:9      | Found a radiant altar of Vehumet.
 10177 | D:9      | Reached skill level 5 in Dodging
 10200 | D:9      | Reached skill level 5 in Armour
 10761 | D:10     | Entered Level 10 of the Dungeon
 10819 | D:10     | Found a burning altar of Makhleb.
 11121 | D:10     | Found a sacrificial altar of Ru.
 11225 | D:10     | Noticed a centaur warrior
 11237 | D:10     | Killed a centaur warrior
 11433 | D:10     | Found a white marble altar of Elyvilon.
 12226 | Orc:1    | Entered Level 1 of the Orcish Mines
 12282 | Orc:1    | Noticed Harold
 12307 | Orc:1    | Slain by a troll

Illustrated notes

Levels and vault maps discovered:
D:1:      scummos_arrival_simple_crosswalls, layout_loops_corners,
          hangedman_decor_push, hex_tiny, minivault_14,
          nicolae_figureground_sparkle
D:2:      layout_loops_ring, serial_shops, shop_statue, kennysheep_another_room,
          minmay_surrounded
D:3:      layout_basic
D:4:      layout_cave_pools, serial_shops, nicolae_shop_trees,
          gammafunk_ghost_abyssal_escape
D:5:      layout_cave_pools, grunt_qazlal_sundering,
          minmay_overflow_temple_star_quad, lemuel_temple_firewalk_b,
          uniq_grinder, uniq_duvessa, uniq_ijyb
D:6:      layout_basic, kennysheep_mini_moat, amcnicky_altar_gilded,
          portal_sewer_entry_d
D:7:      layout_loops_ring, eino_small_chamber_without_monster
D:8:      layout_rooms, zin_purify, nicolae_overflow_crystal_walls,
          minmay_door_square, nicolae_zen_rock_garden, grunt_ministairs_10
D:9:      layout_cave_pods, mainiacjoe_overflow_catwalk,
          fedhas_altar_fruit_tree, kennysheep_okawaru_gauntlet, orc_0_dummy,
          kennysheep_island_fort
D:10:     layout_irregular_city, nicolae_ru_sacrificial_ziggurat,
          mainiacjoe_overflow_cross_hatched, bloody_makhleb
D:11:     layout_big_octagon, lair_entry_dummy, uniq_snorg
Temple:   hellmonk_temple_of_storms
Orc:1:    layout_caves, serial_shops, nicolae_shop_advertising_works
          [nicolae_subvault_shop_adworks], uniq_harold

Skill      XL: |  1  2  3  4  5  6  7  8  9 10 11 |
---------------+----------------------------------+-----
Throwing       | 2 3 4 5 6 |  6.2
Stealth        | 5 6 7 |  7.0
Maces & Flails | 2 6 9 10 | 10.8
Evocations     | 2 4 |  4.0
Armour         | 2 4 5 |  5.8
Dodging        | 2 4 5 |  5.9
Fighting       | |  1.9
Short Blades   | |  1.7

Action                     |  1- 3 |  4- 6 |  7- 9 | 10-12 || total
---------------------------+-------+-------+-------+-------++-------
  Melee: Dagger            |    72 |   192 |   426 |       ||   690
         Bite              |    14 |    52 |   114 |   167 ||   347
         Punch             |       |     1 |     7 |    10 ||    18
         Whip              |       |       |    15 |   478 ||   493
  Throw: Dart              |       |     5 |    22 |    37 ||    64
         Javelin           |       |     4 |     9 |     2 ||    15
         Stone             |       |       |       |    46 ||    46
Ability: Lunge             |       |       |    26 |    21 ||    47
         Whirlwind         |       |       |    19 |    45 ||    64
  Evoke: Wand              |       |       |     5 |    11 ||    16
    Use: Scroll            |       |     4 |     1 |     5 ||    10
   Stab: Sleeping          |    15 |    12 |    16 |     4 ||    47
 Armour: Robe              |    16 |    45 |     8 |       ||    69
         Ring mail         |       |       |   150 |   134 ||   284
  Dodge: Dodged            |    22 |    77 |   215 |   187 ||   501

Table legend: (Time is in decaauts)
 A = Elapsed time spent in this place.
 B = Non-inter-level travel time spent in this place.
 C = Inter-level travel time spent in this place.
 D = Time resting spent in this place.
 E = Time spent auto-exploring this place.
 F = Levels seen in this place.
 G = Mean time per level.
                   A        B        C        D        E       F      G
               +--------+--------+--------+--------+--------+-----+--------+
         Total |  12051 |  11451 |    600 |   2674 |   5693 |  14 |  860.8 |
       Dungeon |  11386 |  10788 |    598 |   2640 |   5527 |  11 | 1035.1 |
        Temple |     59 |     57 |      2 |      0 |     29 |   1 |   59.0 |
  Orcish Mines |     68 |     68 |      0 |      0 |      0 |   1 |   68.0 |
         Sewer |    535 |    535 |      0 |     34 |    137 |   1 |  535.0 |
               +--------+--------+--------+--------+--------+-----+--------+

Top non-repeatable levels by time:
     D:9: 1920 daAuts
     D:7: 1733 daAuts
    D:10: 1346 daAuts
     D:5: 1338 daAuts
     D:8: 1021 daAuts
     D:3: 1004 daAuts
     D:1: 978 daAuts
     D:2: 888 daAuts
     D:4: 586 daAuts
   Sewer: 535 daAuts
     D:6: 511 daAuts
   Orc:1: 68 daAuts
  Temple: 59 daAuts
    D:11: 56 daAuts
